 Dungeon Crawl Stone Soup version 0.30.1-3-gfc49f6343a (webtiles) character file.

Game seed: 12789813031697349951

3089 ANNNA the Fighter (level 9, -6/123 HPs)
             Began as a Minotaur Berserker on July 21, 2023.
             Was a Priest of Trog.
             Mangled by an orc warrior
             ... wielding a +0 battleaxe
              (10 damage)
             ... on level 8 of the Dungeon.
             The game lasted 00:19:29 (7559 turns).

ANNNA the Fighter (Minotaur Berserker)              Turns: 7559, Time: 00:19:30

Health: -6/123     AC: 18    Str: 27    XL:     9   Next: 59%
Magic:  8/8        EV: 12    Int:  4    God:    Trog [***...]
Gold:   324        SH:  6    Dex:  9    Spells: 8/8 levels left

rFire   . . .        B - +0 hand axe (heavy)
rCold   . . .        n - +0 kite shield
rNeg    + . .        l - +12 Cigotuvi's embrace {Corpsefed rMiasma Drain rN+}
rPois   .            (helmet restricted)
rElec   .            K - +0 cloak
rCorr   .            D - +0 pair of gloves
SInv    .            (no boots)
Will    ++...        (no amulet) Stlth
                     j - ring of flight
HPRegen 1.40/turn    (no ring)
MPRegen 0.11/turn

%: no passive effects
@: berserking, about to teleport, strong-willed, flying, regenerating, very
quick
A: horns 2, retaliatory headbutt
a: Renounce Religion, Berserk, Trog's Hand


You were on level 8 of the Dungeon.
You worshipped Trog.
Trog was most pleased with you.
You visited 1 branch of the dungeon, and saw 8 of its levels.
You also visited: Ossuary.

You collected 366 gold pieces.
You spent 42 gold pieces at shops.

Inventory:

Hand Weapons
 B - a +0 heavy hand axe (weapon)
Missiles
 a - a curare-tipped dart
 d - 53 stones (quivered)
 i - 16 poisoned darts
 u - 5 atropa-tipped darts
 A - 5 silver javelins
 O - a throwing net
Armour
 l - the +12 Cigotuvi's embrace (worn) {Corpsefed rMiasma Drain rN+}
   (You found it on level 2 of the Dungeon)

   Corpsefed: It gathers nearby corpses to temporarily increase the armour it
   provides.
   rMiasma:   It protects you from foul pestilence.
   rN:        It protects you from negative energy.
   Drain:     It drains your maximum health when unequipped.
 n - a +0 kite shield (worn)
 q - a +0 chain mail
 D - a +0 pair of gloves (worn)
 K - a +0 cloak (worn)
Jewellery
 j - a ring of flight (left hand)
Wands
 e - a wand of acid (1)
 x - a wand of paralysis (5)
 E - a wand of polymorph (9)
 H - a wand of roots (2)
Scrolls
 k - 4 scrolls of immolation
 s - a scroll of magic mapping {unknown}
 v - 4 scrolls of enchant armour
 w - 4 scrolls of vulnerability
 F - a scroll of blinking {unknown}
 G - a scroll of butterflies {unknown}
 I - a scroll of fog
Potions
 b - 4 potions of cancellation
 c - a potion of resistance {unknown}
 f - a potion of attraction {unknown}
 g - a potion of heal wounds {unknown}
 m - 4 potions of flight
 o - a potion of magic {unknown}
 p - a potion of might {unknown}
 r - 2 potions of mutation {unknown}
 t - a potion of haste {unknown}
 z - 4 potions of curing
 C - 3 potions of lignification
 J - a potion of berserk rage


   Skills:
 * Level 8.5 Fighting
 * Level 8.4 Axes
 * Level 8.0 Armour
 * Level 7.2 Dodging
 + Level 3.9 Stealth


You had 8 spell levels left.
You didn't know any spells.
Your spell library was empty.

Dungeon Overview and Level Annotations

Branches:
Dungeon (8/15)             Temple (0/1) D:4         Ossuary (visited)
   Lair: D:8-11

Altars:
Cheibriados
Nemelex Xobeh
Okawaru
Trog

Shops:
D:4 =[:   D:7 *


Innate Abilities, Weirdness & Mutations

You have a pair of horns on your head.
You reflexively headbutt those who attack you in melee.


Message History

The steam dragon breathes steam at you. The ball of steam hits you.
You block the steam dragon's attack. The steam dragon barely misses you.
The steam dragon closely misses you.
The steam dragon claws you but does no damage.
You barely miss the steam dragon.
The steam dragon is severely wounded.
The steam dragon breathes steam at you. The ball of steam hits you!
* * * LOW HITPOINT WARNING * * *
You closely miss the steam dragon.
The steam dragon is severely wounded.
You are engulfed in a cloud of scalding steam.
* * * LOW HITPOINT WARNING * * *
The steam dragon breathes steam at you. The ball of steam hits you.
* * * LOW HITPOINT WARNING * * *
The steam dragon bites you.
* * * LOW HITPOINT WARNING * * *
The steam dragon closely misses you.
You feel better.
You are engulfed in a cloud of scalding steam.
* * * LOW HITPOINT WARNING * * *
The steam dragon closely misses you. You furiously retaliate!
You headbutt the steam dragon!
You kill the steam dragon!
Trog accepts your kill.
Your Armour skill increases to level 8!
As you read the scroll of teleportation, it crumbles to dust.
You feel strangely unstable.
The orc warrior hits you but does no damage.
You barely miss the orc warrior.
The orc warrior is moderately wounded.
A chunk of your corpse armour falls away.
The orc warrior hits you with a +0 battleaxe!
* * * LOW HITPOINT WARNING * * *
A red film seems to cover your vision as you go berserk!
You feel yourself moving faster!
You feel mighty!
The orc warrior hits you with a +0 battleaxe!
You die...

.############
.......<....#
..#########.#
#.### #.#≈≈
#.#§§ §≈#
#.#§. §≈#
#.#≈.###.≈#
#.#≈.@#).§#
#.#≈§o))≈≈#
#.#≈§§)≈≈≈#
#.####§####
#......#
#.###### #.#
#.# #.#


You could see an orc warrior.

Vanquished Creatures
  Grinder (D:4)
  2 wraiths (Ossuary)
  A steam dragon (D:8)
  Duvessa (D:4)
  3 black bears
  2 ice beasts
  2 ogres (D:7)
  2 phantoms (D:6)
  2 kobold brigands
  2 scorpions
  8 wights
  Dowan (D:4)
  A howler monkey (D:6)
  3 hounds
  A jelly (D:5)
  3 orc priests
  A gnoll bouda (D:7)
  4 iguanas
  Ijyb (D:4)
  3 sleepcaps
  3 orc wizards (D:4)
  9 gnolls
  9 adders
  2 ufetubi
  6 dart slugs
  21 orcs
  6 endoplasms
  3 giant cockroaches
  3 goblins
  9 hobgoblins
  2 jackals (D:2)
  2 quokkas
  10 ball pythons
  2 ball python skeletons (Ossuary)
  4 bats
  5 frilled lizards
  3 hobgoblin skeletons (Ossuary)
  14 kobolds
  A kobold zombie (Ossuary)
  3 orc skeletons (Ossuary)
  6 rats
  A rat zombie (D:6)
168 creatures vanquished.

Vanquished Creatures (others)
  3 orcs (D:8)
3 creatures vanquished.

Grand Total: 171 creatures vanquished

Notes
Turn   | Place    | Note
-------+----------+-------------------------------------------
     0 | D:1      | ANNNA the Minotaur Berserker began the quest for the Orb.
     0 | D:1      | Reached XP level 1. HP: 19/19 MP: 0/0
   247 | D:1      | Found a faded altar of an unknown god.
   373 | D:1      | Reached XP level 2. HP: 22/27 MP: 1/1
  1276 | D:2      | Found the +4 Cigotuvi's embrace {Corpsefed rMiasma Drain
                  | rN+}
  1315 | D:2      | Reached XP level 3. HP: 24/33 MP: 2/2
  1400 | D:2      | Reached XP level 4. HP: 40/40 MP: 3/3
  1914 | D:2      | Reached ** piety under Trog
  1944 | D:2      | Reached skill level 1 in Stealth
  3161 | D:4      | Found Kyl Hacoh's Jewellery Shop.
  3189 | D:4      | Reached XP level 5. HP: 24/47 MP: 4/4
  3303 | D:4      | Found a bloodstained altar of Trog.
  3303 | D:4      | Noticed a black bear
  3303 | D:4      | Noticed a black bear
  3304 | D:4      | Found Zieb's Book Emporium.
  3317 | D:4      | Reached skill level 5 in Fighting
  3317 | D:4      | Reached skill level 5 in Axes
  3317 | D:4      | Reached XP level 6. HP: 56/56 MP: 5/5
  3417 | D:4      | Found a sparkling altar of Nemelex Xobeh.
  3522 | D:4      | Reached XP level 7. HP: 60/61 MP: 6/6
  3639 | D:4      | Found Falexuf's Armour Emporium.
  3791 | D:4      | Noticed Duvessa
  3791 | D:4      | Noticed Dowan
  3792 | D:4      | Noticed Ijyb
  3797 | D:4      | Killed Duvessa
  3798 | D:4      | Reached skill level 5 in Armour
  3800 | D:4      | Killed Dowan
  3805 | D:4      | Killed Ijyb
  4030 | D:4      | Noticed Grinder
  4045 | D:4      | Paralysed by Grinder for 2 turns
  4050 | D:4      | Killed Grinder
  4050 | D:4      | Reached *** piety under Trog
  4051 | D:4      | Reached skill level 5 in Dodging
  4282 | D:4      | Found a staircase to the Ecumenical Temple.
  4327 | D:5      | Entered Level 5 of the Dungeon
  4536 | D:5      | Reached XP level 8. HP: 70/71 MP: 7/7
  5494 | D:6      | Found a sand-covered staircase.
  5659 | Ossuary  | Entered an ossuary
  5765 | Ossuary  | Noticed a flying skull
  5778 | Ossuary  | Noticed a flying skull
  5778 | Ossuary  | Noticed a flying skull
  5787 | Ossuary  | Noticed a flying skull
  5802 | Ossuary  | Noticed a flying skull
  6055 | Ossuary  | Reached XP level 9. HP: 62/79 MP: 8/8
  6616 | D:7      | Found a snail-covered altar of Cheibriados.
  6872 | D:7      | Identified the +2 leather armour "Nexilobroe" {Int+3 Dex+6
                  | SInv}
  6976 | D:7      | Found Jexkuz Umiyng's General Store.
  7000 | D:7      | Bought a scroll of teleportation for 42 gold pieces
  7097 | D:7      | Reached **** piety under Trog
  7347 | D:7      | Found an iron altar of Okawaru.
  7558 | D:8      | HP: 1/82 [orc warrior/+0 battleaxe (8)]
  7559 | D:8      | Mangled by an orc warrior

Illustrated notes

Levels and vault maps discovered:
D:1:      minmay_arrival_checkered_box, layout_loops_ring,
          chequers_ecumenical_altar_lobes, serial_co_window_serial,
          co_window_corner_a, co_window_paths_a, co_window_corner_a,
          co_window_corner_a, co_window_paths_a, co_window_corner_a,
          co_window_paths_b, co_window_of_opportunity_b, co_window_broadway_b,
          co_window_cross_4, co_window_paths_c, co_window_of_opportunity_b,
          glass_columns_a, glass_columns_a, glass_columns_b, serial_park_tiny_2
D:2:      layout_loops_ring, serial_aquarium, aquarium_bridge_straight
          [aquarium_subvault_bridge, aquarium_subvault_window,
          aquarium_subvault_bridge, aquarium_subvault_wall],
          aquarium_window_corner, aquarium_window_1, aquarium_window_fake,
          aquarium_view_2c, aquarium_pool_four
D:3:      layout_basic
D:4:      cheibrodos_thug_alley, layout_loops_cross, trog_ov_bears_minmay,
          old_standard_altar, minmay_temple_entry_fiery, serial_shops,
          nicolae_shop_back_alley_shop, nicolae_shop_gaudy_bauble,
          nicolae_shop_trees, minmay_fractal_squares_5, uniq_grinder, uniq_ijyb,
          uniq_duvessa
D:5:      layout_cave_pods, kennysheep_cross_bottleneck
D:6:      layout_cave_pods, enter_ossuary_3
D:7:      layout_loops_corners, okawaru_metal_pillars_3,
          mainiacjoe_overflow_chevrons, serial_shops, kennysheep_mini_moat
D:8:      layout_basic, mainiacjoe_overflow_boulevard,
          fedhas_altar_decomposition, lair_entry_dummy,
          kennysheep_generic_room_8, uniq_joseph, uniq_amaemon

Skill      XL: |  1  2  3  4  5  6  7  8  9 |
---------------+----------------------------+-----
Fighting       | 4 5 6 7 8 |  8.5
Axes           | 4 5 6 7 8 |  8.4
Armour         | 3 4 5 7 8 |  8.0
Dodging        | 3 4 5 6 7 |  7.2
Stealth        | 1 2 3 |  3.9

Action                     |  1- 3 |  4- 6 |  7- 9 || total
---------------------------+-------+-------+-------++-------
  Melee: Hand axe          |    70 |    58 |   136 ||   264
         Headbutt          |     8 |    13 |    36 ||    57
         War axe           |       |    45 |    59 ||   104
 Invoke: Berserk           |     1 |     2 |     2 ||     5
         Trog's Hand       |       |     1 |     2 ||     3
    Use: Scroll            |       |     4 |     9 ||    13
         Potion            |       |       |     1 ||     1
   Stab: Sleeping          |       |     1 |    10 ||    11
 Armour: Leather armour    |    16 |    46 |    69 ||   131
  Dodge: Dodged            |    42 |    61 |   101 ||   204
  Block: Kite shield       |       |    21 |    41 ||    62
